[Event "GER-ch Youth U16 2019"]
[Site "Willingen"]
[Date "2019.06.09"]
[Round "1.1"]
[White "Suvorov, Alexander"]
[Black "Richter, Nils"]
[Result "1-0"]
[ECO "E92"]
[WhiteElo "2325"]
[BlackElo "2115"]
[Annotator "NA RC"]
[PlyCount "99"]
[EventDate "2019.06.07"]
[EventType "swiss"]
[EventRounds "9"]
[EventCountry "GER"]
[SourceTitle "playchess.com"]
[Source "ChessBase"]
[SourceQuality "1"]
[TimeControl "40/5400+30:1800+30"]

1. d4 Nf6 2. c4 g6 3. Nc3 Bg7 4. e4 d6 5. Nf3 O-O 6. Be2 e5 7. Be3 c6 8. Qd2 exd4 9. Nxd4 Re8 10. f3 d5 11. exd5 cxd5 12. O-O Nc6 13. Nxc6 bxc6 14. Rad1 Ba6 15. Qc1 Qe7 16. Bd4 Nh5 17. Bxg7 Nxg7 18. Rf2 Bxc4 19. Bxc4 dxc4 20. Ne4 Red8 21. Rxd8+ Rxd8 22. Qxc4 Rd1+ 23. Rf1 Qd8 24. Qxc6 Qd4+ 25. Nf2 Rxf1+ 26. Kxf1 Nf5 27. Qc8+ Kg7 28. Qc3 Ne3+ 29. Kg1 Qxc3 30. bxc3 Kf6 31. Ng4+ Nxg4 32. fxg4 Ke5 33. Kf2 Ke4 34. Ke2 f6 35. Kd2 h5 36. gxh5 gxh5 37. g3 a5 38. a4 f5 39. Ke2 f4 40. gxf4 Kxf4 41. Kd3 h4 42. Kd4 h3 43. c4 Kf3 44. c5 Kg2 45. c6 Kxh2 46. c7 Kg2 47. c8=Q h2 48. Qg4+ Kh1 49. Qh4 Kg2 50. Ke4 {normal} 1-0

[Event "GER-ch Youth U16 2019"]
[Site "Willingen"]
[Date "2019.06.09"]
[Round "1.6"]
[White "Gutkin, Ilya"]
[Black "Kopylov, Daniel"]
[Result "1-0"]
[ECO "A13"]
[WhiteElo "2041"]
[BlackElo "2263"]
[Annotator "NA"]
[PlyCount "92"]
[EventDate "2019.06.07"]
[EventType "swiss"]
[EventRounds "9"]
[EventCountry "GER"]
[SourceTitle "playchess.com"]
[Source "ChessBase"]
[SourceQuality "1"]
[TimeControl "40/5400+30:1800+30"]

1. Nf3 d5 2. c4 e6 3. g3 Nf6 4. Bg2 c5 5. cxd5 exd5 6. d4 Nc6 7. O-O Be7 8. dxc5 Bxc5 9. a3 O-O 10. Nc3 h6 11. b4 Be7 12. Bb2 Be6 13. Nd4 Nxd4 14. Qxd4 Qb6 15. Qxb6 axb6 16. Rac1 Rfd8 17. Rfd1 Rac8 18. Nb5 Bd7 19. Nc7 Ba4 20. Nxd5 Nxd5 21. Rxd5 Rxc1+ 22. Bxc1 Rc8 23. Be3 Rc2 24. Re5 Rxe2 25. Kf1 Bf6 26. Kxe2 Bxe5 27. Kd3 Bb5+ 28. Kc2 Ba4+ 29. Kd3 Bb5+ 30. Kc2 Ba4+ 31. Kb1 Bc7 32. Bxb7 Kf8 33. Bd4 f6 34. Kb2 Ke7 35. Kc3 Ke6 36. Be4 g5 37. Bd3 h5 38. h3 Bc6 39. Bc4+ Kf5 40. Bd3+ Ke6 41. h4 Be8 42. Kc4 Bd8 43. Be3 gxh4 44. gxh4 f5 45. Be2 b5+ 46. Kc5 Bxh4 {[%emt 0:04:18] normal} 1-0

[Event "GER-ch Youth U16 2019"]
[Site "Willingen"]
[Date "2019.06.09"]
[Round "1.7"]
[White "Woelk, Tom-Frederic"]
[Black "Biermann, Florian"]
[Result "1-0"]
[ECO "E70"]
[WhiteElo "2239"]
[BlackElo "2018"]
[Annotator "NA"]
[PlyCount "81"]
[EventDate "2019.06.07"]
[EventType "swiss"]
[EventRounds "9"]
[EventCountry "GER"]
[SourceTitle "playchess.com"]
[Source "ChessBase"]
[SourceQuality "1"]
[TimeControl "40/5400+30:1800+30"]

1. d4 Nf6 2. c4 g6 3. Nc3 Bg7 4. e4 d6 5. Bd3 O-O 6. Nge2 e5 7. d5 Nbd7 8. O-O Ne8 9. Be3 f5 10. exf5 gxf5 11. f4 e4 12. Bc2 a5 13. a3 Nc5 14. Rb1 Qe7 15. Nd4 Rf6 16. b4 Na6 17. Nce2 Rh6 18. Qe1 Bf6 19. Ba4 Ng7 20. Ng3 Kh8 21. Nde2 Bd7 22. Bxd7 Qxd7 23. Bd4 Qe7 24. Rf2 Rg8 25. Nf1 Nh5 26. Ne3 Ng7 27. Qc3 axb4 28. axb4 Nb8 29. Ng3 Bxd4 30. Qxd4 Qh4 31. Nexf5 Qxh2+ 32. Kf1 Rg6 33. Ne2 Nd7 34. Ne7 Rf6 35. Rb3 Qh1+ 36. Ng1 Qh6 37. Rh3 Nh5 38. Nxg8 Kxg8 39. g4 Rxf4 40. Rxh5 Rxf2+ 41. Qxf2 {[%emt 0:30:07] normal} 1-0

[Event "GER-ch Youth U16 2019"]
[Site "Willingen"]
[Date "2019.06.09"]
[Round "1.8"]
[White "Huber, Benedikt"]
[Black "Koelle, Tobias"]
[Result "0-1"]
[ECO "E63"]
[WhiteElo "2051"]
[BlackElo "2215"]
[Annotator "NA"]
[PlyCount "53"]
[EventDate "2019.06.07"]
[EventType "swiss"]
[EventRounds "9"]
[EventCountry "GER"]
[SourceTitle "playchess.com"]
[Source "ChessBase"]
[SourceQuality "1"]
[TimeControl "40/5400+30:1800+30"]

1. d4 Nf6 2. c4 g6 3. Nf3 Bg7 4. g3 O-O 5. Bg2 d6 6. O-O Nc6 7. Nc3 a6 8. b3 Rb8 9. Nd5 e6 10. Nxf6+ Bxf6 11. Bb2 b5 12. Rc1 Bb7 13. Qd2 Ne7 14. Rfe1 Bg7 15. e4 bxc4 16. bxc4 Ba8 17. Ba3 Qd7 18. Qc2 f5 19. d5 e5 20. c5 fxe4 21. c6 Qf5 22. Nh4 Qf7 23. Bxe4 Nxd5 24. Nf3 Bh6 25. Rb1 Nf6 26. Bd3 Kg7 27. Bc4 {[%emt 0:04:13] normal} 0-1

[Event "GER-ch Youth U16 2019"]
[Site "Willingen"]
[Date "2019.06.09"]
[Round "1.9"]
[White "Stork, Oliver"]
[Black "Fromm, Marius"]
[Result "1/2-1/2"]
[ECO "A01"]
[WhiteElo "2224"]
[BlackElo "2038"]
[Annotator "NA"]
[PlyCount "84"]
[EventDate "2019.06.07"]
[EventType "swiss"]
[EventRounds "9"]
[EventCountry "GER"]
[SourceTitle "playchess.com"]
[Source "ChessBase"]
[SourceQuality "1"]
[TimeControl "40/5400+30:1800+30"]

1. b3 Nf6 2. Bb2 e6 3. Nf3 Be7 4. c4 c5 5. g3 b6 6. Bg2 Bb7 7. O-O O-O 8. Nc3 d5 9. e3 dxc4 10. bxc4 Nc6 11. Qe2 a6 12. Ne1 Qc7 13. f4 Na7 14. g4 b5 15. g5 Nd7 16. Ne4 Rad8 17. Nd3 f5 18. gxf6 Nxf6 19. Ndf2 Qb6 20. Rab1 b4 21. d4 a5 22. Kh1 cxd4 23. Bxd4 Qc7 24. Be5 Qb6 25. Rg1 Nc6 26. c5 Qa7 27. Nd6 Ba8 28. Ng4 Kh8 29. Rbc1 Nxe5 30. fxe5 Nd5 31. c6 Bxd6 32. Bxd5 Bxe5 33. Be4 Qc7 34. Rc5 Bd6 35. Rh5 Rf5 36. Bxf5 exf5 37. Rxh7+ Kg8 38. Nf6+ Kf8 39. Rh8+ Kf7 40. Qh5+ Kxf6 41. Qg6+ Ke5 42. Qg3+ Kd5 {[%emt 0:00:00] normal} 1/2-1/2

[Event "GER-ch Youth U16 2019"]
[Site "Willingen"]
[Date "2019.06.09"]
[Round "1.11"]
[White "Yi, Danny"]
[Black "Hommel, Niclas"]
[Result "1/2-1/2"]
[ECO "B51"]
[WhiteElo "2205"]
[BlackElo "1953"]
[Annotator "NA"]
[PlyCount "97"]
[EventDate "2019.06.07"]
[EventType "swiss"]
[EventRounds "9"]
[EventCountry "GER"]
[SourceTitle "playchess.com"]
[Source "ChessBase"]
[SourceQuality "1"]
[TimeControl "40/5400+30:1800+30"]

1. e4 c5 2. Nf3 d6 3. Bb5+ Nd7 4. O-O a6 5. Bxd7+ Bxd7 6. Re1 Nf6 7. c3 e6 8. d4 Be7 9. e5 dxe5 10. dxe5 Nd5 11. c4 Nb6 12. Qc2 Bc6 13. Nbd2 Qc7 14. Ne4 h6 15. Bf4 O-O 16. Qe2 Nd7 17. Rad1 Rfd8 18. h4 b5 19. b3 bxc4 20. bxc4 Rab8 21. h5 Rb4 22. Nd6 Rdb8 23. Nd2 Bxd6 24. exd6 Qd8 25. Nb3 Ba4 26. Ra1 Qf6 27. Bd2 R4b6 28. Ba5 R6b7 29. Bc7 Rc8 30. Qe4 Rb4 31. Rab1 Qc3 32. Rec1 Qf6 33. Qe3 Bxb3 34. Rxb3 Rxb3 35. Qxb3 e5 36. Qb7 Re8 37. Qxa6 e4 38. Qa3 Qg5 39. Re1 Qxh5 40. Qh3 Qxh3 41. gxh3 f5 42. a4 Kf7 43. Rb1 Ke6 44. Rb5 g5 45. a5 Ra8 46. Rb3 Ne5 47. Rc3 Nf7 48. Rb3 Ne5 49. Rb7 {[%emt 0:02:08] normal} 1/2-1/2

[Event "GER-ch Youth U16 2019"]
[Site "Willingen"]
[Date "2019.06.09"]
[Round "1.12"]
[White "Liebold, Aaron"]
[Black "Roehr, Tobias"]
[Result "1-0"]
[ECO "B48"]
[WhiteElo "1870"]
[BlackElo "2208"]
[Annotator "NA"]
[PlyCount "65"]
[EventDate "2019.06.07"]
[EventType "swiss"]
[EventRounds "9"]
[EventCountry "GER"]
[SourceTitle "playchess.com"]
[Source "ChessBase"]
[SourceQuality "1"]
[TimeControl "40/5400+30:1800+30"]

1. e4 c5 2. Nf3 e6 3. d4 cxd4 4. Nxd4 Nc6 5. Nc3 Qc7 6. Be3 a6 7. Qd2 Nf6 8. f3 b5 9. O-O-O Na5 10. Kb1 Nc4 11. Bxc4 bxc4 12. g4 Rb8 13. g5 Nh5 14. Rhf1 Ba3 15. Ndb5 axb5 16. bxa3 O-O 17. Qd6 Qb7 18. Bc5 Re8 19. f4 Ra8 20. Rf3 f6 21. Rh3 Ra6 22. Qd2 g6 23. Rxh5 b4 24. axb4 d6 25. Bxd6 Rd8 26. e5 fxe5 27. fxe5 gxh5 28. Ka1 Qf3 29. Rg1 Ra3 30. Kb2 Ra7 31. g6 Bb7 32. gxh7+ Kxh7 33. Qg5 {[%emt 0:00:04] normal} 1-0

[Event "GER-ch Youth U16 2019"]
[Site "Willingen"]
[Date "2019.06.09"]
[Round "1.13"]
[White "Post, Hugo"]
[Black "Buller, Ian Joshua"]
[Result "1-0"]
[ECO "B90"]
[WhiteElo "2113"]
[BlackElo "1904"]
[Annotator "NA"]
[PlyCount "42"]
[EventDate "2019.06.07"]
[EventType "swiss"]
[EventRounds "9"]
[EventCountry "GER"]
[SourceTitle "playchess.com"]
[Source "ChessBase"]
[SourceQuality "1"]
[TimeControl "40/5400+30:1800+30"]

1. e4 c5 2. Nf3 d6 3. d4 cxd4 4. Nxd4 Nf6 5. Nc3 a6 6. Be3 e6 7. Be2 Nbd7 8. g4 Nc5 9. f3 h6 10. Qd2 b5 11. a3 Bb7 12. O-O-O d5 13. exd5 Nxd5 14. Nxd5 Bxd5 15. Rhe1 Rc8 16. Kb1 Be7 17. Nf5 O-O 18. Nxg7 Bg5 19. Nh5 Bxe3 20. Qxe3 Kh7 21. Qd4 f6 {[%emt 0:01:02] normal} 1-0

[Event "GER-ch Youth U16 2019"]
[Site "Willingen"]
[Date "2019.06.09"]
[Round "1.14"]
[White "Rietschel, Tilo"]
[Black "Knuedel, Torben"]
[Result "0-1"]
[ECO "C84"]
[WhiteElo "2005"]
[BlackElo "2044"]
[Annotator "NA"]
[PlyCount "96"]
[EventDate "2019.06.07"]
[EventType "swiss"]
[EventRounds "9"]
[EventCountry "GER"]
[SourceTitle "playchess.com"]
[Source "ChessBase"]
[SourceQuality "1"]
[TimeControl "40/5400+30:1800+30"]

1. e4 e5 2. Nf3 Nc6 3. Bb5 a6 4. Ba4 Nf6 5. O-O Be7 6. d4 exd4 7. e5 Nd5 8. Nxd4 Nxd4 9. Qxd4 Nb6 10. Bb3 O-O 11. Nd2 d5 12. exd6 Bxd6 13. Nf3 c5 14. Qd3 Qc7 15. c4 Bg4 16. h3 Rad8 17. Qc3 Bf5 18. Bc2 Bxc2 19. Qxc2 Nd7 20. b3 Ne5 21. Ng5 Ng6 22. Be3 Bh2+ 23. Kh1 Bf4 24. Rae1 Bxg5 25. Bxg5 Rd7 26. Qf5 h6 27. Be3 b6 28. Qg4 Qc6 29. Rd1 Re7 30. Rd5 f5 31. Qd1 Re6 32. Bd2 f4 33. f3 Ne7 34. Rd3 Nf5 35. Re1 Rxe1+ 36. Bxe1 Re8 37. Rd8 Nd4 38. Rxe8+ Qxe8 39. Bf2 Qe2 40. Qxe2 Nxe2 41. b4 cxb4 42. Bxb6 Nc3 43. c5 Kf7 44. c6 Ke6 45. Kg1 Nxa2 46. Kf2 b3 47. Bd4 Nc1 48. Ke1 b2 {[%emt 0:00:06] normal} 0-1

[Event "GER-ch Youth U16 2019"]
[Site "Willingen"]
[Date "2019.06.09"]
[Round "2.1"]
[White "Post, Hugo"]
[Black "Suvorov, Alexander"]
[Result "1/2-1/2"]
[ECO "B48"]
[WhiteElo "2113"]
[BlackElo "2325"]
[Annotator "NA RC"]
[PlyCount "41"]
[EventDate "2019.06.07"]
[EventType "swiss"]
[EventRounds "9"]
[EventCountry "GER"]
[SourceTitle "playchess.com"]
[Source "ChessBase"]
[SourceQuality "1"]
[TimeControl "40/5400+30:1800+30"]

1. e4 c5 2. Nf3 e6 3. d4 cxd4 4. Nxd4 Nc6 5. Nc3 Qc7 6. Be3 a6 7. Qf3 d6 8. O-O-O Bd7 9. Nxc6 bxc6 10. g4 Ne7 11. Bd3 Ng6 12. Qg2 Ne5 13. Be2 d5 14. f4 Ng6 15. Rhf1 Bb4 16. Na4 Qa5 17. b3 Ba3+ 18. Kb1 Rb8 19. Nb2 Qb4 20. Qg3 Ne7 21. Nd3 {[%emt 0:05:31] normal} 1/2-1/2

[Event "GER-ch Youth U16 2019"]
[Site "Willingen"]
[Date "2019.06.09"]
[Round "2.2"]
[White "Knuedel, Torben"]
[Black "Koellner, Ruben Gideon"]
[Result "1/2-1/2"]
[ECO "B07"]
[WhiteElo "2044"]
[BlackElo "2299"]
[Annotator "NA"]
[PlyCount "58"]
[EventDate "2019.06.07"]
[EventType "swiss"]
[EventRounds "9"]
[EventCountry "GER"]
[SourceTitle "playchess.com"]
[Source "ChessBase"]
[SourceQuality "1"]
[TimeControl "40/5400+30:1800+30"]

1. e4 d6 2. d4 Nf6 3. Nc3 e5 4. Nge2 Nc6 5. h3 g6 6. Be3 Bg7 7. Qd2 O-O 8. g4 a6 9. Bg2 b5 10. a3 exd4 11. Nxd4 Ne5 12. b3 Bb7 13. O-O Re8 14. Bg5 Qc8 15. Rae1 Ned7 16. b4 Nb6 17. f4 Nc4 18. Qd3 Nd7 19. Nd5 c5 20. Nf3 Bxd5 21. exd5 cxb4 22. axb4 Nb2 23. Rxe8+ Qxe8 24. Qd2 Qc8 25. Nd4 Qc4 26. Nc6 Bc3 27. Qc1 Re8 28. f5 Re2 29. fxg6 hxg6 {[%emt 0:00:54] normal} 1/2-1/2

[Event "GER-ch Youth U16 2019"]
[Site "Willingen"]
[Date "2019.06.09"]
[Round "2.3"]
[White "Boder, Jan"]
[Black "Woelk, Tom-Frederic"]
[Result "0-1"]
[ECO "A01"]
[WhiteElo "2123"]
[BlackElo "2239"]
[Annotator "NA"]
[PlyCount "62"]
[EventDate "2019.06.07"]
[EventType "swiss"]
[EventRounds "9"]
[EventCountry "GER"]
[SourceTitle "playchess.com"]
[Source "ChessBase"]
[SourceQuality "1"]
[TimeControl "40/5400+30:1800+30"]

1. b3 e5 2. Bb2 Nc6 3. e3 Nf6 4. Bb5 e4 5. Ne2 a6 6. Bxc6 dxc6 7. Ng3 h5 8. Nc3 Bg4 9. f3 exf3 10. gxf3 h4 11. Nge4 Nxe4 12. Nxe4 Be6 13. Rg1 f6 14. Qe2 a5 15. Rg6 Kf7 16. Qg2 Bf5 17. Bxf6 gxf6 18. Rxf6+ Qxf6 19. Nxf6 Kxf6 20. e4 Be6 21. Qf2 Bg7 22. d4 a4 23. Rd1 axb3 24. cxb3 Kf7 25. f4 Bg4 26. Rd2 Bf8 27. Rd3 Re8 28. Re3 h3 29. Kf1 Be7 30. Qc2 Rd8 31. Qc4+ Be6 {[%emt 0:00:24] normal} 0-1

[Event "GER-ch Youth U16 2019"]
[Site "Willingen"]
[Date "2019.06.09"]
[Round "2.4"]
[White "Koelle, Tobias"]
[Black "Gutkin, Ilya"]
[Result "1/2-1/2"]
[ECO "E00"]
[WhiteElo "2215"]
[BlackElo "2041"]
[Annotator "NA"]
[PlyCount "63"]
[EventDate "2019.06.07"]
[EventType "swiss"]
[EventRounds "9"]
[EventCountry "GER"]
[SourceTitle "playchess.com"]
[Source "ChessBase"]
[SourceQuality "1"]
[TimeControl "40/5400+30:1800+30"]

1. d4 e6 2. c4 Bb4+ 3. Bd2 Bxd2+ 4. Qxd2 Nf6 5. Nc3 d5 6. e3 O-O 7. Nf3 Qe7 8. Bd3 Rd8 9. cxd5 exd5 10. O-O Nc6 11. Bb5 Rd6 12. Rac1 Ne4 13. Qd1 Bg4 14. Be2 Rad8 15. Ne5 Bxe2 16. Nxc6 Rxc6 17. Qxe2 Rh6 18. Nxe4 dxe4 19. Qg4 c6 20. Rc5 Re6 21. Rfc1 g6 22. h3 Qd7 23. a3 Rde8 24. b4 Rd6 25. Qxd7 Rxd7 26. a4 Re6 27. Kf1 a6 28. Ke2 Rd5 29. R1c2 Red6 30. f3 f5 31. fxe4 fxe4 32. Rc1 {[%emt 0:00:05] normal} 1/2-1/2

[Event "GER-ch Youth U16 2019"]
[Site "Willingen"]
[Date "2019.06.09"]
[Round "2.8"]
[White "Burian, Simon"]
[Black "Stork, Oliver"]
[Result "1/2-1/2"]
[ECO "C52"]
[WhiteElo "2001"]
[BlackElo "2224"]
[Annotator "NA"]
[PlyCount "54"]
[EventDate "2019.06.07"]
[EventType "swiss"]
[EventRounds "9"]
[EventCountry "GER"]
[SourceTitle "playchess.com"]
[Source "ChessBase"]
[SourceQuality "1"]
[TimeControl "40/5400+30:1800+30"]

1. e4 e5 2. Nf3 Nc6 3. Bc4 Bc5 4. b4 Bxb4 5. c3 Ba5 6. d4 b5 7. Bd5 Nge7 8. Nxe5 Nxd5 9. exd5 Nxe5 10. dxe5 O-O 11. O-O d6 12. Ba3 Re8 13. exd6 cxd6 14. Qd3 Qd7 15. Nd2 Bb7 16. Rfe1 Rac8 17. Bb4 Bb6 18. Nf3 h6 19. h3 a5 20. Ba3 Bc5 21. Bb2 Ba6 22. Nh4 Re5 23. Rxe5 dxe5 24. Re1 Re8 25. Qg3 Bb7 26. c4 bxc4 27. Rxe5 Rxe5 {[%emt 0:00:36] normal} 1/2-1/2

[Event "GER-ch Youth U16 2019"]
[Site "Willingen"]
[Date "2019.06.09"]
[Round "2.9"]
[White "Hommel, Niclas"]
[Black "Koehler, Lukas"]
[Result "1-0"]
[ECO "B10"]
[WhiteElo "1953"]
[BlackElo "2068"]
[Annotator "NA"]
[PlyCount "51"]
[EventDate "2019.06.07"]
[EventType "swiss"]
[EventRounds "9"]
[EventCountry "GER"]
[SourceTitle "playchess.com"]
[Source "ChessBase"]
[SourceQuality "1"]
[TimeControl "40/5400+30:1800+30"]

1. e4 c6 2. Nf3 d5 3. exd5 cxd5 4. Ne5 Nd7 5. d4 e6 6. Nd2 Bd6 7. Ndf3 Qc7 8. Nxd7 Bxd7 9. Bd3 h6 10. O-O Nf6 11. Re1 Bc6 12. Ne5 Nd7 13. Bf4 Bxe5 14. dxe5 Qb6 15. b3 Rc8 16. Qg4 Kf8 17. h4 h5 18. Qg3 Bb5 19. Be3 Qa6 20. Rac1 Bxd3 21. cxd3 Rc6 22. Qg5 Qa5 23. b4 f6 24. exf6 gxf6 25. Qh6+ Rxh6 26. Bxh6+ {normal} 1-0

[Event "GER-ch Youth U16 2019"]
[Site "Willingen"]
[Date "2019.06.09"]
[Round "2.11"]
[White "Kopylov, Daniel"]
[Black "Huber, Benedikt"]
[Result "1-0"]
[ECO "B40"]
[WhiteElo "2263"]
[BlackElo "2051"]
[Annotator "NA"]
[PlyCount "56"]
[EventDate "2019.06.07"]
[EventType "swiss"]
[EventRounds "9"]
[EventCountry "GER"]
[SourceTitle "playchess.com"]
[Source "ChessBase"]
[SourceQuality "1"]
[TimeControl "40/5400+30:1800+30"]

1. e4 c5 2. Nf3 e6 3. g3 Nc6 4. Bg2 Nf6 5. d3 d5 6. Nbd2 Be7 7. O-O O-O 8. e5 Nd7 9. Re1 Qc7 10. Qe2 b5 11. Nf1 a5 12. h4 Ba6 13. N1h2 Rfc8 14. Bg5 Qd8 15. Qd2 b4 16. Qf4 a4 17. a3 h6 18. Bxe7 Qxe7 19. h5 Nb6 20. Rac1 c4 21. d4 bxa3 22. bxa3 Qxa3 23. g4 Qe7 24. g5 hxg5 25. Nxg5 Nd7 26. c3 Nf8 27. Ra1 Bb5 28. Re3 Nh7 {[%emt 0:06:18] normal} 1-0

[Event "GER-ch Youth U16 2019"]
[Site "Willingen"]
[Date "2019.06.09"]
[Round "2.12"]
[White "Roehr, Tobias"]
[Black "Jeschke, Jan"]
[Result "1-0"]
[ECO "E11"]
[WhiteElo "2208"]
[BlackElo "1915"]
[Annotator "NA"]
[PlyCount "58"]
[EventDate "2019.06.07"]
[EventType "swiss"]
[EventRounds "9"]
[EventCountry "GER"]
[SourceTitle "playchess.com"]
[Source "ChessBase"]
[SourceQuality "1"]
[TimeControl "40/5400+30:1800+30"]

1. d4 Nf6 2. c4 e6 3. Nf3 Bb4+ 4. Nbd2 b6 5. a3 Bxd2+ 6. Bxd2 Ba6 7. Qc2 O-O 8. Bg5 c5 9. e4 Qc7 10. e5 Nh5 11. g4 Bb7 12. Be2 f6 13. Rg1 Bxf3 14. gxh5 fxg5 15. Bxf3 Rxf3 16. Qe4 Nc6 17. Qxf3 Rf8 18. Qg4 Nxd4 19. O-O-O Rxf2 20. Qxg5 Ne2+ 21. Kb1 Nxg1 22. Rxg1 Rf7 23. h6 g6 24. Rd1 Rf5 25. Qe7 Qxe5 26. Qxd7 Rf7 27. Qc8+ Rf8 28. Qb7 Qf6 29. Qxa7 e5 {[%emt 0:01:28] normal} 1-0

[Event "GER-ch Youth U16 2019"]
[Site "Willingen"]
[Date "2019.06.09"]
[Round "2.13"]
[White "Richter, Nils"]
[Black "Buller, Ian Joshua"]
[Result "1-0"]
[ECO "B90"]
[WhiteElo "2115"]
[BlackElo "1904"]
[Annotator "NA"]
[PlyCount "46"]
[EventDate "2019.06.07"]
[EventType "swiss"]
[EventRounds "9"]
[EventCountry "GER"]
[SourceTitle "playchess.com"]
[Source "ChessBase"]
[SourceQuality "1"]
[TimeControl "40/5400+30:1800+30"]

1. e4 c5 2. Nf3 d6 3. d4 cxd4 4. Nxd4 Nf6 5. Nc3 a6 6. Rg1 b5 7. g4 Bb7 8. Bg2 Qc7 9. Be3 Nc6 10. g5 Nd7 11. Nd5 Qc8 12. Bh3 Nxd4 13. Qxd4 e6 14. Nc3 Ne5 15. Rg3 Qc4 16. f4 Qxd4 17. Bxd4 Nc6 18. Bf2 Be7 19. O-O-O b4 20. Na4 h6 21. g6 O-O 22. Nb6 Rad8 23. Nc4 e5 {[%emt 0:00:55] normal} 1-0

[Event "GER-ch Youth U16 2019"]
[Site "Willingen"]
[Date "2019.06.09"]
[Round "2.14"]
[White "Pahl, Erik"]
[Black "Rietschel, Tilo"]
[Result "0-1"]
[ECO "B78"]
[WhiteElo "2113"]
[BlackElo "2005"]
[Annotator "NA"]
[PlyCount "60"]
[EventDate "2019.06.07"]
[EventType "swiss"]
[EventRounds "9"]
[EventCountry "GER"]
[SourceTitle "playchess.com"]
[Source "ChessBase"]
[SourceQuality "1"]
[TimeControl "40/5400+30:1800+30"]

1. e4 c5 2. Nf3 d6 3. d4 cxd4 4. Nxd4 Nf6 5. Nc3 g6 6. Be3 Bg7 7. f3 O-O 8. Qd2 Nc6 9. Bc4 Bd7 10. O-O-O Rc8 11. Bb3 Ne5 12. Kb1 Nc4 13. Bxc4 Rxc4 14. g4 b5 15. h4 h5 16. g5 Ne8 17. f4 b4 18. Nce2 Qa5 19. Ng3 Bxd4 20. Bxd4 Nc7 21. f5 Nb5 22. Ne2 Rb8 23. Ka1 Rbc8 24. Rc1 R8c6 25. Qd3 gxf5 26. g6 Be6 27. gxf7+ Bxf7 28. Rhg1+ Kf8 29. Rg7 Be6 30. Rf1 Rxd4 {[%emt 0:00:31] normal} 0-1

[Event "GER-ch Youth U16 2019"]
[Site "Willingen"]
[Date "2019.06.10"]
[Round "3.1"]
[White "Woelk, Tom-Frederic"]
[Black "Dobrikov, Marco"]
[Result "1-0"]
[ECO "D70"]
[WhiteElo "2239"]
[BlackElo "2281"]
[Annotator "NA"]
[PlyCount "52"]
[EventDate "2019.06.07"]
[EventType "swiss"]
[EventRounds "9"]
[EventCountry "GER"]
[SourceTitle "playchess.com"]
[Source "ChessBase"]
[SourceQuality "1"]
[TimeControl "40/5400+30:1800+30"]

1. d4 Nf6 2. c4 g6 3. f3 d5 4. cxd5 Nxd5 5. e4 Nb6 6. Nc3 Bg7 7. Be3 O-O 8. Qd2 Nc6 9. O-O-O e5 10. d5 Nd4 11. f4 c5 12. fxe5 Bg4 13. Re1 Bxe5 14. h3 Bd7 15. Nf3 Nxf3 16. gxf3 Rc8 17. f4 Bg7 18. h4 Na4 19. Nxa4 Bxa4 20. h5 c4 21. e5 Qc7 22. Bd4 Rfd8 23. d6 Qc6 24. Bg2 Qa6 25. hxg6 hxg6 26. Re3 Bb3 {[%emt 0:02:11] normal} 1-0

[Event "GER-ch Youth U16 2019"]
[Site "Willingen"]
[Date "2019.06.10"]
[Round "3.2"]
[White "Suvorov, Alexander"]
[Black "Knuedel, Torben"]
[Result "1-0"]
[ECO "E94"]
[WhiteElo "2325"]
[BlackElo "2044"]
[Annotator "NA"]
[PlyCount "50"]
[EventDate "2019.06.07"]
[EventType "swiss"]
[EventRounds "9"]
[EventCountry "GER"]
[SourceTitle "playchess.com"]
[Source "ChessBase"]
[SourceQuality "1"]
[TimeControl "40/5400+30:1800+30"]

1. d4 Nf6 2. c4 d6 3. Nc3 Nbd7 4. e4 e5 5. Nf3 g6 6. Be2 Bg7 7. O-O O-O 8. Be3 Re8 9. d5 Nh5 10. g3 Bf8 11. Ne1 Ng7 12. Nd3 f5 13. f3 Be7 14. Qd2 a5 15. Rac1 Rf8 16. b3 b6 17. b4 fxe4 18. fxe4 Nf6 19. bxa5 Bh3 20. Rf2 Rxa5 21. Nb4 Ra3 22. Nc6 Qe8 23. Bg5 Kh8 24. Nxe7 Qxe7 25. Qe3 Bd7 {[%emt 0:06:32] normal} 1-0

[Event "GER-ch Youth U16 2019"]
[Site "Willingen"]
[Date "2019.06.10"]
[Round "3.3"]
[White "Koellner, Ruben Gideon"]
[Black "Hommel, Niclas"]
[Result "1-0"]
[ECO "A48"]
[WhiteElo "2299"]
[BlackElo "1953"]
[Annotator "NA"]
[PlyCount "41"]
[EventDate "2019.06.07"]
[EventType "swiss"]
[EventRounds "9"]
[EventCountry "GER"]
[SourceTitle "playchess.com"]
[Source "ChessBase"]
[SourceQuality "1"]
[TimeControl "40/5400+30:1800+30"]

1. d4 Nf6 2. Nf3 g6 3. Nbd2 d5 4. e3 Bg7 5. b4 O-O 6. c4 c6 7. Bb2 Bg4 8. Be2 Nbd7 9. O-O Rc8 10. h3 Bxf3 11. Nxf3 Ne4 12. Bd3 Ndf6 13. Qb3 e6 14. Rfc1 b6 15. cxd5 cxd5 16. a4 Nd6 17. Ba3 Rxc1+ 18. Rxc1 Qb8 19. Ne5 Rc8 20. Nc6 Qb7 21. Ba6 {[%emt 0:01:04] normal} 1-0

[Event "GER-ch Youth U16 2019"]
[Site "Willingen"]
[Date "2019.06.10"]
[Round "3.4"]
[White "Yi, Danny"]
[Black "Koelle, Tobias"]
[Result "1/2-1/2"]
[ECO "C50"]
[WhiteElo "2205"]
[BlackElo "2215"]
[Annotator "NA"]
[PlyCount "37"]
[EventDate "2019.06.07"]
[EventType "swiss"]
[EventRounds "9"]
[EventCountry "GER"]
[SourceTitle "playchess.com"]
[Source "ChessBase"]
[SourceQuality "1"]
[TimeControl "40/5400+30:1800+30"]

1. e4 e5 2. Nf3 Nc6 3. Bc4 Bc5 4. Nc3 Nf6 5. d3 d6 6. Bg5 h6 7. Bxf6 Qxf6 8. Nd5 Qd8 9. c3 a6 10. d4 exd4 11. cxd4 Ba7 12. h3 O-O 13. O-O Ne7 14. Rc1 Nxd5 15. Bxd5 c6 16. Bb3 d5 17. exd5 cxd5 18. Qd3 g6 19. Rfe1 {[%emt 0:12:03] normal} 1/2-1/2

[Event "GER-ch Youth U16 2019"]
[Site "Willingen"]
[Date "2019.06.10"]
[Round "3.5"]
[White "Gutkin, Ilya"]
[Black "Post, Hugo"]
[Result "1/2-1/2"]
[ECO "A13"]
[WhiteElo "2041"]
[BlackElo "2113"]
[Annotator "ChessBase"]
[PlyCount "58"]
[EventDate "2019.06.07"]
[EventType "swiss"]
[EventRounds "9"]
[EventCountry "GER"]
[SourceTitle "playchess.com"]
[Source "ChessBase"]
[SourceQuality "1"]
[TimeControl "40/5400+30:1800+30"]

1. Nf3 Nf6 2. c4 e6 3. g3 d5 4. Bg2 dxc4 5. Qa4+ Bd7 6. Qxc4 c5 7. d3 Bc6 8. O-O Be7 9. b3 O-O 10. Bb2 Nbd7 11. Nbd2 Rc8 12. Qc2 b5 13. Rac1 Qb6 14. e4 Rfd8 15. Rfd1 Qb7 16. Qb1 a5 17. Ne1 Ra8 18. Nc2 a4 19. Ne3 axb3 20. axb3 Rac8 21. Nf3 h6 22. Bc3 Rb8 23. Ne1 Qa8 24. Qa1 Rb6 25. Qxa8 Rxa8 26. Ra1 Rba6 27. Rxa6 Rxa6 28. Ra1 Rxa1 29. Bxa1 Nb8 {[%emt 0:00:27] normal} 1/2-1/2